GLBL
MILWAUKEE EAGLES @ CHICAGO ARCHITECTS
04/24/2049
 
TOP OF THE 1ST
Milwaukee Eagles batting - Pitching for Chicago Architects : RHP Marcos Guzmán
Pitching: RHP Marcos Guzmán
Batting: RHB Vincent Warren 0-0: Called Strike
0-1: Swinging Strike
0-2: Strikes out looking
Batting: RHB Jim Ashley 0-0: Ball
1-0: Ground out 6-3 (Groundball, 6, EV 81.3 MPH)
Batting: SHB Markus Teigland 0-0: Ball
1-0: Foul Ball, location: 25F
1-1: Fly out, F8 (Flyball, 89XD, EV 102.5 MPH)
Top of the 1st over - 0 runs, 0 hits, 0 errors, 0 left on base; Milwaukee 0 - Chicago 0
BOTTOM OF THE 1ST
Chicago Architects batting - Pitching for Milwaukee Eagles : RHP Earl Lalonde
Pitching: RHP Earl Lalonde
Batting: RHB Daniel Huffman 0-0: Swinging Strike
0-1: Ball
1-1: Ball
2-1: Foul Ball, location: 3SF
2-2: Ball
3-2: Fly out, F9 (Flyball, 9LD, EV 90.0 MPH)
Batting: LHB Dwayne Adams 0-0: Ground out 6-3 (Groundball, 6, EV 105.0 MPH)
Batting: RHB António Méndez 0-0: Ball
1-0: Foul Ball, location: 9LSF
1-1: DOUBLE (Line Drive, 78D, EV 98.8 MPH)
Batting: LHB Milovan Jevtic 0-0: Called Strike
0-1: Foul Ball, location: 23FF
0-2: Ball
1-2: Foul Ball, location: 2F
1-2: Strikes out swinging
Bottom of the 1st over - 0 runs, 1 hit, 0 errors, 1 left on base; Milwaukee 0 - Chicago 0
TOP OF THE 2ND
Milwaukee Eagles batting - Pitching for Chicago Architects : RHP Marcos Guzmán
Batting: LHB José Aranda 0-0: Reached on error, E6 (Groundball, P, EV 80.0 MPH)
Batting: LHB Eric Molina 0-0: Ball
1-0: Ball
2-0: Foul Ball, location: 7LMF
2-1: Foul Ball, location: 7LDF
2-2: Fly out, F8 (Flyball, 8RM, EV 90.6 MPH)
Batting: RHB Cecil Phillips 0-0: Called Strike
0-1: Called Strike
0-2: Ball
1-2: Ball
2-2: Strikes out swinging
Batting: SHB Dan O'Malley 0-0: Called Strike
0-1: Ball
1-1: Foul Ball, location: 2RF
1-2: Ball
2-2: Ground out 4-3 (Groundball, 4, EV 83.1 MPH)
Top of the 2nd over - 0 runs, 0 hits, 1 error, 1 left on base; Milwaukee 0 - Chicago 0
BOTTOM OF THE 2ND
Chicago Architects batting - Pitching for Milwaukee Eagles : RHP Earl Lalonde
Batting: RHB Kent Noseworthy 0-0: Ball
1-0: Ball
2-0: Foul Ball, location: 25F
2-1: Ball
3-1: Foul Ball, location: 7LMF
3-2: SINGLE (Flyball, 89S, EV 94.4 MPH)
Batting: RHB Ollie Lepage 0-0: Called Strike
0-1: Ball
1-1: SINGLE (Flyball, 8RS, EV 93.8 MPH)
Kent Noseworthy to second
Batting: LHB Joe Hunt 0-0: Called Strike
0-1: Called Strike
0-2: Ball
1-2: Strikes out swinging
Batting: RHB Armando Gutiérrez 0-0: Called Strike
0-1: Foul Ball, location: 3DF
0-2: SINGLE (Groundball, 13S, EV 73.1 MPH) (infield hit)
Kent Noseworthy to third
Ollie Lepage to second
Batting: RHB Marcos Guzmán 0-0: Called Strike
0-1: Ball
1-1: Ball
2-1: Foul Ball, location: 9LSF
2-2: SINGLE (Groundball, 4M, EV 80.0 MPH)
Kent Noseworthy scores
Ollie Lepage to third
Armando Gutiérrez to second
Runner from 3rd tries for Home, SAFE, throw by CF to home
Batting: RHB Daniel Huffman 0-0: Ball
1-0: Fly out, F9 (Flyball, 9D, EV 106.3 MPH)
Runner from 2nd tags up, SAFE at 3rd, no throw by RF
Batting: LHB Dwayne Adams 0-0: Fly out, F7 (Flyball, 7S, EV 97.5 MPH)
Bottom of the 2nd over - 2 runs, 4 hits, 0 errors, 2 left on base; Milwaukee 0 - Chicago 2
TOP OF THE 3RD
Milwaukee Eagles batting - Pitching for Chicago Architects : RHP Marcos Guzmán
Batting: RHB Sam Simms 0-0: Ball
1-0: Foul Ball, location: 7LMFF
1-1: Ball
2-1: Ground out 5-3 (Groundball, 56S, EV 90.6 MPH)
Batting: RHB Earl Lalonde 0-0: Called Strike
0-1: Foul Ball, location: 7LSFF
0-2: Ball
1-2: Ball
2-2: Strikes out swinging
Batting: RHB Vincent Warren 0-0: Ground out 5-3 (Groundball, 56S, EV 83.8 MPH)
Top of the 3rd over - 0 runs, 0 hits, 0 errors, 0 left on base; Milwaukee 0 - Chicago 2
BOTTOM OF THE 3RD
Chicago Architects batting - Pitching for Milwaukee Eagles : RHP Earl Lalonde
Batting: RHB António Méndez 0-0: Foul Ball, location: 2F
0-1: Ball
1-1: Ball
2-1: Ball
3-1: Foul Ball, location: 3F
3-2: SINGLE (Flyball, 8LS, EV 89.4 MPH)
Batting: LHB Milovan Jevtic 0-0: Called Strike
0-1: Ball
1-1: Swinging Strike
1-2: Strikes out looking
Batting: RHB Kent Noseworthy 0-0: SINGLE (Line Drive, 6D, EV 101.9 MPH)
António Méndez to second
Batting: RHB Ollie Lepage 0-0: Fly out, F9 (Flyball, 9LSF, EV 91.3 MPH)
Batting: LHB Joe Hunt 0-0: Foul Ball, location: 2LF
0-1: Foul Ball, location: 2RF
0-2: Strikes out looking
Bottom of the 3rd over - 0 runs, 2 hits, 0 errors, 2 left on base; Milwaukee 0 - Chicago 2
TOP OF THE 4TH
Milwaukee Eagles batting - Pitching for Chicago Architects : RHP Marcos Guzmán
Batting: RHB Jim Ashley 0-0: Called Strike
0-1: Ball
1-1: TRIPLE (Groundball, 5L, EV 98.1 MPH)
Pinch Runner at 3rd Karel van de Linde:
Batting: SHB Markus Teigland 0-0: Ball
1-0: Foul Ball, location: 23F
1-1: Foul Ball, location: 7LDF
1-2: Foul Ball, location: 7LMF
1-2: Ball
2-2: Foul Ball, location: 2RF
2-2: Ball
3-2: Foul Ball, location: 23F
3-2: Ground out U3 (Groundball, 34, EV 88.1 MPH)
Karel van de Linde scores
Batting: LHB José Aranda 0-0: Ball
1-0: Swinging Strike
1-1: Ball
2-1: Foul Ball, location: 7LSF
2-2: Strikes out looking
Batting: LHB Eric Molina 0-0: Swinging Strike
0-1: Ball
1-1: Swinging Strike
1-2: Ball
2-2: Strikes out swinging
Top of the 4th over - 1 run, 1 hit, 0 errors, 0 left on base; Milwaukee 1 - Chicago 2
BOTTOM OF THE 4TH
Chicago Architects batting - Pitching for Milwaukee Eagles : RHP Earl Lalonde
Now in LF: Eric Molina
Now in CF: Karel van de Linde
Batting: RHB Armando Gutiérrez 0-0: Called Strike
0-1: Swinging Strike
0-2: Fly out, F9 (Flyball, 9LM, EV 95.0 MPH)
Batting: RHB Marcos Guzmán 0-0: Ball
1-0: Swinging Strike
1-1: Foul Ball, location: 2F
1-2: Strikes out looking
Batting: RHB Daniel Huffman 0-0: Fly out, F3 (Popup, 3F, EV 69.4 MPH)
Bottom of the 4th over - 0 runs, 0 hits, 0 errors, 0 left on base; Milwaukee 1 - Chicago 2
TOP OF THE 5TH
Milwaukee Eagles batting - Pitching for Chicago Architects : RHP Marcos Guzmán
Batting: RHB Cecil Phillips 0-0: Ball
1-0: Swinging Strike
1-1: Ball
2-1: DOUBLE (Flyball, 8LXD, EV 93.8 MPH)
Batting: SHB Dan O'Malley 0-0: Fly out, F5 (Popup, 25, EV 81.3 MPH)
Batting: RHB Sam Simms 0-0: Ball
1-0: Swinging Strike
1-1: Swinging Strike
1-2: DOUBLE (Groundball, 5L, EV 108.1 MPH)
Cecil Phillips scores
Batting: RHB Earl Lalonde 0-0: Ball
1-0: Fly out, F8 (Line Drive, 89M, EV 106.9 MPH)
Batting: RHB Vincent Warren 0-0: Ball
1-0: Swinging Strike
1-1: Called Strike
1-2: Foul Ball, location: 2F
1-2: TRIPLE (Flyball, 9LD, EV 110.6 MPH)
Sam Simms scores
Batting: LHB Karel van de Linde 0-0: Ball
1-0: Called Strike
1-1: Ball
2-1: Called Strike
2-2: Ball
3-2: Base on Balls
Batting: SHB Markus Teigland 0-0: Swinging Strike
0-1: Ball
1-1: Ball
2-1: Ball
3-1: Ground out U3 (Groundball, 3, EV 103.1 MPH)
Top of the 5th over - 2 runs, 3 hits, 0 errors, 2 left on base; Milwaukee 3 - Chicago 2
BOTTOM OF THE 5TH
Chicago Architects batting - Pitching for Milwaukee Eagles : RHP Earl Lalonde
Batting: LHB Dwayne Adams 0-0: Called Strike
0-1: Ball
1-1: Ball
2-1: Ground out 4-3 (Groundball, 4, EV 109.4 MPH)
Batting: RHB António Méndez 0-0: Called Strike
0-1: Foul Ball, location: 2F
0-2: Ball
1-2: Fly out, F7 (Line Drive, 7, EV 90.0 MPH)
Batting: LHB Milovan Jevtic 0-0: Ball
1-0: Ball
2-0: Called Strike
2-1: Ground out 4-3 (Groundball, 34, EV 82.5 MPH)
Bottom of the 5th over - 0 runs, 0 hits, 0 errors, 0 left on base; Milwaukee 3 - Chicago 2
TOP OF THE 6TH
Milwaukee Eagles batting - Pitching for Chicago Architects : RHP Marcos Guzmán
Batting: LHB José Aranda 0-0: Foul Ball, location: 2F
0-1: Ball
1-1: Ball
2-1: Foul Ball, location: 7LMF
2-2: SINGLE (Groundball, 2L, EV 67.5 MPH) (infield hit)
Batting: LHB Eric Molina 0-0: Swinging Strike
0-1: Ball
Wild Pitch!
José Aranda to second
1-1: Ball
2-1: Called Strike
2-2: SINGLE (Line Drive, 89S, EV 97.5 MPH)
José Aranda to third
Batting: RHB Cecil Phillips 0-0: Swinging Strike
0-1: Foul Ball, location: 2F
0-2: Ball
1-2: SINGLE (Groundball, 6MD, EV 101.9 MPH)
José Aranda scores
Eric Molina to second
Pitching: RHP Joe Cain
Batting: SHB Dan O'Malley 0-0: Foul Ball, location: 7LSF
0-1: Called Strike
0-2: SINGLE (Groundball, 34D, EV 98.8 MPH)
Eric Molina to third
Cecil Phillips to second
Runner from 3rd tries for Home, SAFE, throw by RF to home
Batting: RHB Sam Simms 0-0: Called Strike
0-1: Ball
1-1: Fly out, F8 (Flyball, 89S, EV 79.4 MPH)
Batting: RHB Earl Lalonde 0-0: Bunted foul
0-1: Foul Ball, location: 2F
0-2: Ball
1-2: Sac Bunt to 15 - play at first, batter OUT! 1-4
Cecil Phillips to third
Dan O'Malley to second
Batting: RHB Vincent Warren 0-0: Foul Ball, location: 5DF
0-1: Called Strike
0-2: Ball
1-2: Strikes out swinging
Top of the 6th over - 2 runs, 4 hits, 0 errors, 2 left on base; Milwaukee 5 - Chicago 2
BOTTOM OF THE 6TH
Chicago Architects batting - Pitching for Milwaukee Eagles : RHP Earl Lalonde
Batting: RHB Kent Noseworthy 0-0: Ball
1-0: Foul Ball, location: 2F
1-1: Fly out, F7 (Flyball, 7D, EV 101.9 MPH)
Batting: RHB Ollie Lepage 0-0: Called Strike
0-1: Ball
1-1: Called Strike
1-2: Foul Ball, location: 2F
1-2: Fly out, F7 (Flyball, 7, EV 79.4 MPH)
Batting: LHB Joe Hunt 0-0: Ball
1-0: Foul Ball, location: 3F
1-1: Ground out U3 (Groundball, 3L, EV 84.4 MPH)
Bottom of the 6th over - 0 runs, 0 hits, 0 errors, 0 left on base; Milwaukee 5 - Chicago 2
TOP OF THE 7TH
Milwaukee Eagles batting - Pitching for Chicago Architects : RHP Joe Cain
Batting: LHB Karel van de Linde 0-0: Called Strike
0-1: Called Strike
0-2: Ball
1-2: Ball
2-2: Foul Ball, location: 7LSF
2-2: Foul Ball, location: 2F
2-2: Strikes out swinging
Batting: SHB Markus Teigland 0-0: Ball
1-0: Called Strike
1-1: Called Strike
1-2: Foul Ball, location: 2F
1-2: Fly out, F8 (Flyball, 8LD, EV 101.3 MPH)
Batting: LHB José Aranda 0-0: Ball
1-0: Swinging Strike
1-1: Ball
2-1: SOLO HOME RUN (Flyball, 9D, EV 100.0 MPH), Distance : 373 ft
Batting: LHB Eric Molina 0-0: Ball
1-0: Called Strike
1-1: Fly out, F8 (Flyball, 8RD, EV 89.4 MPH)
Top of the 7th over - 1 run, 1 hit, 0 errors, 0 left on base; Milwaukee 6 - Chicago 2
BOTTOM OF THE 7TH
Chicago Architects batting - Pitching for Milwaukee Eagles : RHP Earl Lalonde
Batting: RHB Armando Gutiérrez 0-0: Called Strike
0-1: Foul Ball, location: 3SF
0-2: Ball
1-2: Ball
2-2: DOUBLE (Flyball, 8RXD, EV 94.4 MPH)
Pinch Hitting: LHB Karl Maurice 0-0: Called Strike
0-1: Ball
1-1: Foul Ball, location: 23F
1-2: Ball
2-2: Strikes out swinging
Pitching: LHP Alonso Delgado
Batting: RHB Daniel Huffman 0-0: Foul Ball, location: 3DF
0-1: Ball
1-1: Fly out, F9 (Flyball, 89S, EV 93.1 MPH)
Batting: LHB Dwayne Adams 0-0: Ball
1-0: Ground out 1-3 (Groundball, 13S, EV 68.8 MPH)
Bottom of the 7th over - 0 runs, 1 hit, 0 errors, 1 left on base; Milwaukee 6 - Chicago 2
TOP OF THE 8TH
Milwaukee Eagles batting - Pitching for Chicago Architects : RHP Joe Cain
Pitching: RHP Tsutomu Fukuda
Batting: RHB Cecil Phillips 0-0: Called Strike
0-1: Called Strike
0-2: Ball
1-2: Strikes out swinging
Batting: SHB Dan O'Malley 0-0: Ball
1-0: Ball
2-0: Called Strike
2-1: SINGLE (Groundball, 6S, EV 65.0 MPH) (infield hit)
Batting: RHB Sam Simms 0-0: Called Strike
0-1: Called Strike
0-2: Ball
1-2: Foul Ball, location: 7LMF
1-2: Ball
2-2: Strikes out swinging
Pinch Hitting: LHB Jim Harris 0-0: Called Strike
0-1: Foul Ball, location: 2F
0-2: Strikes out swinging
Top of the 8th over - 0 runs, 1 hit, 0 errors, 1 left on base; Milwaukee 6 - Chicago 2
BOTTOM OF THE 8TH
Chicago Architects batting - Pitching for Milwaukee Eagles : LHP Alonso Delgado
Pitching: RHP Travis Baldwin
Batting: RHB António Méndez 0-0: Ball
1-0: Ball
2-0: Reached on error, E6 (Groundball, 4M, EV 80.6 MPH)
Batting: LHB Milovan Jevtic 0-0: Foul Ball, location: 2F
0-1: Fly out, F8 (Flyball, 8LD, EV 85.6 MPH)
Batting: RHB Kent Noseworthy 0-0: Fly out, F8 (Flyball, 8RM, EV 82.5 MPH)
Batting: RHB Ollie Lepage 0-0: Called Strike
0-1: Foul Ball, location: 2F
0-2: Ball
1-2: Fielders Choice at 2nd, U6 (Groundball, 6M, EV 86.9 MPH)
Bottom of the 8th over - 0 runs, 0 hits, 1 error, 1 left on base; Milwaukee 6 - Chicago 2
TOP OF THE 9TH
Milwaukee Eagles batting - Pitching for Chicago Architects : RHP Tsutomu Fukuda
Pitching: RHP Bill Hinxman
Batting: RHB Vincent Warren 0-0: Foul Ball, location: 25F
0-1: Ball
1-1: Foul Ball, location: 2F
1-2: Ball
2-2: Foul Ball, location: 2F
2-2: DOUBLE (Line Drive, 78D, EV 110.6 MPH)
Batting: LHB Karel van de Linde 0-0: Fly out, F7 (Flyball, 7D, EV 101.9 MPH)
Runner from 2nd tags up, SAFE at 3rd, no throw by LF
Batting: SHB Markus Teigland 0-0: Ball
1-0: Ball
2-0: Ball
3-0: Base on Balls
Batting: LHB José Aranda 0-0: Foul Ball, location: 2F
0-1: Called Strike
Pickoff Throw to First - Out! 1-3
0-2: SINGLE (Groundball, 4MD, EV 96.3 MPH)
Vincent Warren scores
Batting: LHB Eric Molina 0-0: Swinging Strike
0-1: Foul Ball, location: 9LSF
0-2: Ball
1-2: Ball
2-2: Foul Ball, location: 3DF
2-2: Fly out, F9 (Line Drive, 89M, EV 91.3 MPH)
Top of the 9th over - 1 run, 2 hits, 0 errors, 1 left on base; Milwaukee 7 - Chicago 2
BOTTOM OF THE 9TH
Chicago Architects batting - Pitching for Milwaukee Eagles : RHP Travis Baldwin
Batting: LHB Joe Hunt 0-0: Called Strike
0-1: Fly out, F7 (Flyball, 7LSF, EV 79.4 MPH)
Batting: RHB Armando Gutiérrez 0-0: Ball
1-0: Ball
2-0: Foul Ball, location: 2F
2-1: Swinging Strike
2-2: Strikes out swinging
Pinch Hitting: LHB Matt Graves 0-0: Called Strike
0-1: Fly out, F8 (Flyball, 89D, EV 100.0 MPH)
Bottom of the 9th over - 0 runs, 0 hits, 0 errors, 0 left on base; Milwaukee 7 - Chicago 2
Friday, April 26th , 2024 - OOTP Baseball 24.10 Build 82